 Dungeon Crawl Stone Soup version 0.31-a0-182-gc5ef74bbde (webtiles) character file.

Game seed: 12449904941193878977

1463 qw the Cleaver (level 8, -7/51 HPs)
             Began as a Gargoyle Fighter on June 21, 2023.
             Was an Initiate of Okawaru.
             Mangled by Joseph
             ... wielding a +3 quarterstaff of distortion
              (15 damage)
             ... on level 7 of the Dungeon.
             The game lasted 00:02:33 (5157 turns).

qw the Cleaver (Gargoyle Fighter)                   Turns: 5157, Time: 00:02:33

Health: -7/51      AC: 18    Str: 22    XL:     8   Next: 77%
Magic:  9/9        EV:  6    Int:  9    God:    Okawaru [......]
Gold:   253        SH:  4    Dex:  9    Spells: 7/7 levels left

rFire   + . .        Y - +3 war axe
rCold   + . .        c - +0 buckler
rNeg    + . .        u - +0 plate armour
rPois   inf          p - +0 helmet
rElec   +            k - scarf {rC+ rF+}
rCorr   .            (no gloves)
SInv    .            (no boots)
Will    .....        f - amulet of Lufapnay {Regen+ Slay+2} Stlth
                     (no ring)
HPRegen 1.08/turn    (no ring)
MPRegen 0.11/turn

%: no passive effects
@: no status effects
A: sickness immunity, AC +5, negative energy resistance 1, electricity
resistance, torment resistance 1, petrification resistance
a: Renounce Religion


You were on level 7 of the Dungeon.
You worshipped Okawaru.
Okawaru was noncommittal.
You visited 2 branches of the dungeon, and saw 8 of its levels.

You collected 401 gold pieces.
You spent 148 gold pieces at shops.


Innate Abilities, Weirdness & Mutations

You are immune to sickness and miasma.
Your stone body is resilient. (AC +5)
You are immune to poison.
You resist negative energy. (rN+)
You are resistant to electric shocks. (rElec)
You are resistant to unholy torment.
You are immune to petrification.


   Skills:
 - Level 6.1 Fighting
 - Level 8.0 Axes
 + Level 4.4 Armour
 - Level 1.0 Dodging
 - Level 3.2 Shields
 - Level 2.4 Invocations


You had 7 spell levels left.
You didn't know any spells.
Your spell library was empty.

Inventory:

Hand Weapons
 a - a +0 flail
 Y - a +3 war axe (weapon)
Armour
 c - a +0 buckler (worn)
 k - a scarf of resistance (worn)
 p - a +0 helmet (worn)
 u - a +0 plate armour (worn)
Jewellery
 f - the amulet of Lufapnay (around neck) {Regen+ Slay+2}
   (You acquired it on level 4 of the Dungeon)

   [amulet of regeneration]

   Slay:      It affects your accuracy & damage with ranged weapons and melee
   (+2).
   Regen:     It increases your rate of health regeneration.
 l - a ring of fire
 s - a ring of ice
 v - a ring of fire
Scrolls
 q - a scroll of identify
Potions
 d - a potion of might
 e - a potion of magic {unknown}
 g - a potion of resistance {unknown}
 h - 4 potions of curing
 i - a potion of haste {unknown}
 j - a potion of mutation {unknown}
 m - a potion of ambrosia {unknown}
 o - a potion of attraction {unknown}
 t - a potion of enlightenment {unknown}

Dungeon Overview and Level Annotations

Branches:
Dungeon (7/15)             Temple (1/1) D:4

Altars:
Ashenzari
Dithmenos
Fedhas
Hepliaklqana
Kikubaaqudgha
Makhleb
Nemelex Xobeh
Okawaru
Qazlal
Ru
Uskayaw
Vehumet
Wu Jian
Yredelemnul
Zin
The Shining One

Shops:
D:5 [

Annotations:
D:7 Joseph


Message History

5139 ||| FLEEEEING.
5140 ||| STILL FLEEEEING.
5141 ||| STILL FLEEEEING.
5142 ||| STILL FLEEEEING.
5143 ||| FLEEEEING.
5144 ||| FLEEEEING.
5145 ||| STILL FLEEEEING.
5146 ||| STILL FLEEEEING.
5147 ||| STILL FLEEEEING.
You start resting.
HP restored.
Joseph unwields a +3 quarterstaff of distortion.
Its appearance distorts for a moment.
Joseph wields a +0 sling.
Joseph shoots a sling bullet.
The sling bullet hits you.
A steam dragon comes into view.
Joseph unwields a +0 sling.
Joseph wields a +3 quarterstaff of distortion.
Its appearance distorts for a moment.
Joseph hits you but does no damage.
You slash Joseph!
Joseph is moderately wounded.
The steam dragon breathes steam at you.
The ball of steam hits you but does no damage.
Joseph hits you with a +3 quarterstaff of distortion.
You hear a shout!
You slash Joseph!
Joseph is heavily wounded.
Joseph is engulfed in a cloud of scalding steam.
Joseph hits you but does no damage. Space warps horribly around you!!
You hit Joseph but do no damage.
Joseph is heavily wounded.
The steam dragon breathes steam at you. The ball of steam hits you. You resist.
Joseph hits you with a +3 quarterstaff of distortion.
Space warps around you.
You hit Joseph but do no damage.
Joseph is heavily wounded.
You barely miss the steam dragon.
Joseph hits you with a +3 quarterstaff of distortion!
Space warps horribly around you!
You die...

#. ####.###....
#.#####...........
#.........@....@..
#+#
##...##...####.###
#.# ##.#.#....##
#.# #####.# #...
##.### #.#
...##.#######
#.###.## #.#
##.#........#
#D@#.## #.#
##......###.#
#@#.## .#
##.#...####.#
#¤###
.<.......##.####¤#
#####.##.........#
#.#####.######
#..[....#
#########


You could see Joseph and a steam dragon.

Vanquished Creatures
  Menkaure (D:4)
  A black bear (D:5)
  2 ice beasts
  A sky beast (D:4)
  An ogre (D:5)
  Blork the orc (D:5)
  A bullfrog (D:6)
  A jelly (D:7)
  2 hounds
  4 orc priests
  3 gnoll boudas
  Jessica (D:2)
  An iguana (D:5)
  2 orc wizards (D:7)
  16 gnolls
  9 adders
  A white imp (D:6)
  A worm (D:3)
  4 dart slugs
  19 orcs
  7 endoplasms
  2 giant cockroaches (D:1)
  11 goblins
  2 hobgoblins (D:4)
  2 jackals (D:1)
  7 kobolds
  3 quokkas
  5 ball pythons
  3 bats
  9 frilled lizards
  9 rats
132 creatures vanquished.

Notes
Turn   | Place    | Note
-------+----------+-------------------------------------------
     0 | D:1      | qw the Gargoyle Fighter began the quest for the Orb.
     0 | D:1      | Reached XP level 1. HP: 14/14 MP: 1/1
     0 | D:1      | 0 ||| qw: Version: 0.3-a-9-g12657ce
     0 | D:1      | 0 ||| qw: Game counter: 1551
     0 | D:1      | 0 ||| qw: Always use a shield: true
     0 | D:1      | 0 ||| qw: God list: Okawaru
     0 | D:1      | 0 ||| qw: Allow faded altars: false
     0 | D:1      | 0 ||| qw: Do Orc after D:15 true
     0 | D:1      | 0 ||| qw: Do second Lair branch before Depths: true
     0 | D:1      | 0 ||| qw: Lair rune preference: random
     0 | D:1      | 0 ||| qw: Plans: Normal, Zot:1-4, Slime:5, God:TSO, Crypt,
                  | Tomb, Abyss, Pan, Hells, Win
     0 | D:1      | 0 ||| PLANNING D:1-11
    40 | D:1      | Reached skill level 2 in Axes
    92 | D:1      | Reached XP level 2. HP: 17/19 MP: 2/2
   106 | D:1      | 106 ||| Stepping ~*~*~tactically~*~*~ (stealth).
   188 | D:1      | Reached skill level 3 in Axes
   232 | D:1      | Reached XP level 3. HP: 23/23 MP: 3/3
   339 | D:1      | 339 ||| DROPPING +0 club.
   494 | D:1      | 494 ||| Stepping ~*~*~tactically~*~*~ (hiding).
   496 | D:1      | 496 ||| Stepping ~*~*~tactically~*~*~ (hiding).
   609 | D:1      | 609 ||| READING scroll labelled XEURIDU LANO.
   610 | D:1      | 610 ||| READING scroll labelled TEQUYC WOECIZO.
   629 | D:2      | 629 ||| Stepping ~*~*~tactically~*~*~ (stealth).
   630 | D:2      | 630 ||| Stepping ~*~*~tactically~*~*~ (stealth).
   674 | D:2      | 674 ||| DROPPING +0 mace.
   731 | D:2      | Noticed a golden eye
   735 | D:2      | Noticed a great orb of eyes
   737 | D:2      | Found a faded altar of an unknown god.
   739 | D:2      | Noticed a floating eye
   739 | D:2      | Noticed a golden eye
   792 | D:2      | 792 ||| Stepping ~*~*~tactically~*~*~ (stealth).
   800 | D:2      | Noticed Jessica
   801 | D:2      | 801 ||| Stepping ~*~*~tactically~*~*~ (stealth).
   802 | D:2      | 802 ||| Stepping ~*~*~tactically~*~*~ (stealth).
   808 | D:2      | Killed Jessica
   809 | D:2      | Reached skill level 4 in Axes
   809 | D:2      | Reached XP level 4. HP: 28/28 MP: 4/4
  1403 | D:2      | 1403 ||| DROPPING ring of magical power.
  1404 | D:2      | 1404 ||| READING scroll labelled POEVVO ZOBB.
  1405 | D:2      | 1405 ||| DRINKING 2 fizzy cyan potions.
  1406 | D:2      | 1406 ||| DRINKING 2 white potions.
  1407 | D:2      | 1407 ||| DRINKING 3 fuming puce potions.
  1408 | D:2      | 1408 ||| DROPPING potion of brilliance.
  2075 | D:4      | Reached XP level 5. HP: 30/32 MP: 5/5
  2127 | D:4      | Noticed a sky beast
  2134 | D:4      | Killed a sky beast
  2135 | D:4      | Reached skill level 5 in Axes
  2135 | D:4      | Reached XP level 6. HP: 33/37 MP: 6/6
  2213 | D:4      | Found a staircase to the Ecumenical Temple.
  2214 | D:4      | 2214 ||| PLANNING TEMPLE
  2217 | D:4      | 2217 ||| READING 2 scrolls labelled MEYKEIMIDA.
  2218 | D:4      | 2218 ||| READING scroll of enchant weapon.
  2218 | D:4      | 2218 ||| ENCHANTING +1 war axe.
  2219 | D:4      | 2219 ||| READING scroll labelled ZUPHOE HOCZE.
  2414 | Temple   | Entered the Ecumenical Temple
  2417 | Temple   | 2417 ||| PLANNING OKAWARU WORSHIP
  2641 | Temple   | Became a worshipper of Warmaster Okawaru
  2642 | Temple   | 2642 ||| PLANNING D:1-11
  2861 | D:4      | 2861 ||| Stepping ~*~*~tactically~*~*~ (stealth).
  2945 | D:4      | Reached skill level 1 in Dodging
  2970 | D:4      | Reached skill level 6 in Axes
  3062 | D:4      | Noticed Menkaure
  3068 | D:4      | HP: 6/38 [Menkaure (18)]
  3069 | D:4      | 3069 ||| DRINKING potion of heal wounds.
  3071 | D:4      | Killed Menkaure
  3071 | D:4      | Reached * piety under Okawaru
  3072 | D:4      | Reached XP level 7. HP: 36/43 MP: 7/7
  3138 | D:4      | 3138 ||| UPGRADING to scarf of resistance.
  3143 | D:4      | 3143 ||| READING scroll labelled BULODU WILO.
  3143 | D:4      | Identified a scroll of acquirement
  3143 | D:4      | 3143 ||| ACQUIRING amulet of Lufapnay {Regen+ Slay+2}
  3143 | D:4      | Acquired the amulet of Lufapnay {Regen+ Slay+2}
  3145 | D:4      | 3145 ||| UPGRADING to amulet of Lufapnay {Regen+ Slay+2}.
  3176 | D:5      | Entered Level 5 of the Dungeon
  3204 | D:5      | 3204 ||| INVOKING Heroism.
  3210 | D:5      | Reached skill level 7 in Axes
  3215 | D:5      | 3215 ||| INVOKING Heroism.
  3439 | D:5      | 3439 ||| Stepping ~*~*~tactically~*~*~ (stealth).
  3446 | D:5      | 3446 ||| Stepping ~*~*~tactically~*~*~ (stealth).
  3448 | D:5      | 3448 ||| INVOKING Heroism.
  3470 | D:5      | Found a stormy altar of Qazlal.
  3648 | D:5      | 3648 ||| INVOKING Heroism.
  3651 | D:5      | 3651 ||| Stepping ~*~*~tactically~*~*~ (hiding).
  3653 | D:5      | 3653 ||| Stepping ~*~*~tactically~*~*~ (hiding).
  3660 | D:5      | Reached XP level 8. HP: 36/49 MP: 6/8
  3741 | D:5      | Noticed Blork the orc
  3746 | D:5      | Killed Blork the orc
  3771 | D:5      | Found Ziprysex's Armour Emporium.
  3781 | D:5      | 3781 ||| BUYING +0 helmet (58 gold).
  3781 | D:5      | Bought a +0 helmet for 58 gold pieces
  3781 | D:5      | 3781 ||| SHOPLISTING +7 plate armour of ponderousness (455
                  | gold, have 267).
  3910 | D:5      | Found Zin's Purification Station.
  3911 | D:5      | Found a glowing silver altar of Zin.
  3919 | D:5      | 3919 ||| BUYING potion of curing (90 gold).
  3919 | D:5      | Bought a potion of curing for 90 gold pieces
  4223 | D:5      | 4223 ||| UPGRADING to +0 chain mail.
  4233 | D:5      | 4233 ||| DROPPING +0 scale mail.
  4234 | D:5      | 4234 ||| UPGRADING to +0 helmet.
  4239 | D:5      | 4239 ||| READING scroll labelled EXAUKK WUFUJAUT.
  4240 | D:5      | 4240 ||| READING scroll labelled KIEJEA QOVO.
  4283 | D:6      | 4283 ||| STAIRDANCE
  4286 | D:5      | Reached skill level 1 in Invocations
  4421 | D:6      | 4421 ||| Stepping ~*~*~tactically~*~*~ (stealth).
  4424 | D:6      | 4424 ||| INVOKING Heroism.
  4435 | D:6      | Reached skill level 8 in Axes
  4451 | D:6      | 4451 ||| READING scroll of enchant weapon.
  4451 | D:6      | 4451 ||| ENCHANTING +2 war axe.
  4577 | D:6      | 4577 ||| INVOKING Heroism.
  4644 | D:6      | Reached skill level 6 in Fighting
  4800 | D:6      | 4800 ||| DROPPING +3 ring mail of cold resistance.
  4801 | D:6      | 4801 ||| UPGRADING to +0 plate armour.
  4811 | D:6      | 4811 ||| DROPPING +0 chain mail.
  4812 | D:6      | 4812 ||| READING scroll labelled VOICRU DYRRYB.
  4813 | D:6      | 4813 ||| READING scroll labelled BATWO FUS.
  4940 | D:7      | 4940 ||| STAIRDANCE
  4953 | D:7      | 4953 ||| INVOKING Heroism.
  5019 | D:7      | 5019 ||| Stepping ~*~*~tactically~*~*~ (hiding).
  5020 | D:7      | 5020 ||| Stepping ~*~*~tactically~*~*~ (hiding).
  5021 | D:7      | 5021 ||| Stepping ~*~*~tactically~*~*~ (hiding).
  5089 | D:7      | 5089 ||| Stepping ~*~*~tactically~*~*~ (stealth).
  5094 | D:7      | 5094 ||| INVOKING Heroism.
  5122 | D:7      | Noticed Joseph
  5123 | D:7      | 5123 ||| Stepping ~*~*~tactically~*~*~ (hiding).
  5130 | D:7      | 5130 ||| FLEEEEING.
  5131 | D:7      | 5131 ||| FLEEEEING.
  5132 | D:7      | 5132 ||| FLEEEEING.
  5133 | D:7      | 5133 ||| FLEEEEING.
  5134 | D:7      | 5134 ||| FLEEEEING.
  5135 | D:7      | 5135 ||| FLEEEEING.
  5136 | D:7      | 5136 ||| FLEEEEING.
  5137 | D:7      | 5137 ||| FLEEEEING.
  5138 | D:7      | 5138 ||| FLEEEEING.
  5139 | D:7      | 5139 ||| FLEEEEING.
  5143 | D:7      | 5143 ||| FLEEEEING.
  5144 | D:7      | 5144 ||| FLEEEEING.
  5157 | D:7      | HP: 8/51 [Joseph/+3 quarterstaff of distortion (7)]
  5157 | D:7      | Mangled by Joseph

Levels and vault maps discovered:
D:1:      dpeg_arrival_erosion, layout_rooms, serial_curves, eino_curves_04,
          eino_curves_03, eino_curves_02
D:2:      layout_basic, hellmonk_ecumenical_altar_watching_god, uniq_jessica
D:3:      layout_basic, st_stairs_1
D:4:      layout_rooms, minmay_temple_entry_fiery, uniq_menkaure
D:5:      layout_loops_corners, mainiacjoe_overflow_concentric_impassable,
          zin_purify, serial_rivers, chequers_serial_rivers_micro_a,
          chequers_serial_rivers_micro_d, chequers_serial_rivers_large_a,
          chequers_serial_rivers_micro_e, serial_shops, shop, uniq_blork_the_orc
D:6:      layout_basic
D:7:      minmay_flawed_box, layout_loops_corners, serial_shops,
          nicolae_shop_waterfront, kennysheep_mini_moat, nicolae_shop_stone,
          nicolae_shop_bloodbath_and_beyond, uniq_joseph
Temple:   eino_temple_water

Skill      XL: |  1  2  3  4  5  6  7  8 |
---------------+-------------------------+-----
Axes           | 2 3 4 5 6 7 8 |  8.0
Fighting       | 4 5 6 |  6.1
Dodging        | 1 |  1.0
Invocations    | 2 |  2.4
Armour         | 4 |  4.4
Shields        | |  3.2

Action                     |  1- 3 |  4- 6 |  7- 9 || total
---------------------------+-------+-------+-------++-------
  Melee: War axe           |    90 |   164 |   102 ||   356
 Invoke: Heroism           |       |       |     8 ||     8
    Use: Scroll            |     2 |     4 |     6 ||    12
         Potion            |       |     4 |       ||     4
 Armour: Scale mail        |    39 |    76 |    11 ||   126
         Plate armour      |       |       |    24 ||    24
         Chain mail        |       |       |    14 ||    14
  Dodge: Dodged            |    40 |    70 |    28 ||   138
  Block: Buckler           |    11 |    30 |    16 ||    57

Table legend:
 A = Non-vault XP
 B = Vault XP
 C = Vault XP percentage of total XP
 D = Non-vault monster count
 E = Vault monster count
 F = Vault count percentage of total count
                 A         B        C        D         E       F
            +---------+---------+-------+---------+---------+-------
      Total |    1744 |     347 |  16.6 |     126 |       6 |   4.5
            +---------+---------+-------+---------+---------+-------
        D:1 |      52 |       0 |   0.0 |      27 |       0 |   0.0
        D:2 |      34 |      37 |  52.1 |      17 |       1 |   5.6
        D:3 |      34 |       5 |  12.8 |      12 |       2 |  14.3
        D:4 |     441 |     175 |  28.4 |      32 |       1 |   3.0
        D:5 |     616 |      94 |  13.2 |      20 |       1 |   4.8
        D:6 |     432 |       0 |   0.0 |      13 |       0 |   0.0
        D:7 |     135 |      36 |  21.1 |       5 |       1 |  16.7
            +---------+---------+-------+---------+---------+-------
